[Event "GMT Blitz"]
[Site "Biel, Switzerland"]
[Date "2022.07.17"]
[Round "7.4"]
[White "Kamsky, Gata"]
[Black "Le, Quang Liem"]
[Result "1-0"]
[TimeControl "3min + 2 s per move"]
[WhiteElo "2645"]
[BlackElo "2657"]

1. d4 d5 2. Bf4 c5 
 3. e3 Nc6 4. c3 Nf6
 5. Nd2 
Bf5 6. Qb3 Qd7 7. Ngf3 
 c4 8. Qd1 h6 9. Be2
 e6 10.
O-O Be7 
11. b3 cxb3 12. axb3 O-O 
 13. b4 Bd6 14. Bxd6 Qxd6
 15. b5 
Ne7 16. c4 b6 17. Qb3 
 Rfc8 18. Qa3 Qxa3 19. Rxa3
 Rc7 20.
Rfa1 Rac8 21. Rxa7 dxc4 
 22. Rxc7 Rxc7 23. Bxc4 Ne4 
 24. h3 Nd6 25. Bf1 Nd5
 26. Ne5 
Rc2 27. Ndc4 Nxc4 28. Nxc4 
 Rc3 29. g4 Bg6 30. Ne5
 Kh7 31.
h4 f6 
32. Nxg6 Kxg6 33. Ra7 Rc7 
 34. Bd3+ Kf7 35. Ra8 Ke7 
 36. Rb8 Ra7 37. Be4 Nc3
 38. Bc6 
Kd6 39. Kg2 g5 40. h5 
 Ra2 41. Rxb6 Rb2 42. Bf3+
 Kd7 43.
Rb7+ Kd6 44. Rf7 Nxb5 
 45. Rxf6 Nc3 46. Rxh6 Ke7
 47. Rg6 
Rb5 48. h6 Kf7 49. h7 Rb8
 50. Rxg5 Rh8 51. Rh5 
Kg6 52. Kg3 Rxh7 53. Rxh7 Kxh7 54. Kf4 Kg6 
 55. Ke5 Kf7 56. e4 Nb1 
 57. g5 Nd2 58. Bh5+ Ke7
 59. Kf4 Nb3 60. Ke3 Na5
 61. Be2 
Nc6 62. f4 Kd6 63. Bc4 Ne7
 64. Bb3 Kd7 65. d5 exd5
 66. Bxd5 1-0


[ePGN "0.1;DGT LiveChess/2.2.5"]

[Event "GMT Blitz"]
[Site "Biel, Switzerland"]
[Date "2022.07.17"]
[Round "8.1"]
[White "Naiditsch, Arkadij"]
[Black "Le, Quang Liem"]
[Result "0-1"]
[TimeControl "3min + 2 s per move"]
[WhiteElo "2577"]
[BlackElo "2657"]

1. e4 e5 2. Nf3 Nc6 3. Nc3 Nf6
 4. Bb5 Bb4 5. O-O O-O
 6. d3 
Bxc3 7. bxc3 d6 8. Bg5 
 h6 9. Bh4 a6 10. Bxc6
 bxc6 11.
h3 Qe7 
12. Rb1 Qe6 13. Bxf6 Qxf6 
 14. Nd2 Qg6 15. Kh2 f5
 16. f3 
Be6 17. Rb7 Rf7 18. Qb1 
 Qg5 19. exf5 Qf4+ 20. Kh1
 Bxf5 21.
Ne4 Bxe4 22. dxe4 Raf8 
 23. Qb3 Kh7 24. Qc4 d5
 25. Qxc6 Rf6 26. Qxd5 
 Rd6 27. Qc4 Rd2 28. Qxc7 
 Qg3 29. Rg1 Rfd8 30. Qf7
 Rxg2 31.
Qf5+ Kh8 0-1

[Event "GMT Blitz"]
[Site "Biel, Switzerland"]
[Date "2022.07.17"]
[Round "8.2"]
[White "Kamsky, Gata"]
[Black "Salem, A.R. Saleh"]
[Result "1/2-1/2"]
[TimeControl "3min + 2 s per move"]
[WhiteElo "2645"]
[BlackElo "2679"]

1. e4 e5 2. Nf3 Nc6 3. Bb5 a6 4. Ba4
 Nf6 5. O-O Be7 6. Re1 
 b5 7. Bb3 O-O 8. c3
 d5 9.
d4 exd4 
10. exd5 Nxd5 11. cxd4 Bg4 
 12. Nc3 Nf6 13. Be3 Bd6
 14. h3 
Bh5 15. g4 Bg6 16. Bg5 h6
 17. Bh4 
Re8 18. Nd5 Be7 19. Nxe7+ 
 Rxe7 20. Rxe7 Qxe7 21. Qe1
 Qd6 22.
Ne5 Nxd4 23. Bg3 Qxe5 
 24. Bxe5 Nf3+ 25. Kg2 Nxe1+
 26. Rxe1 c5 27. f4 
 c4 28. Bd1 Be4+ 29. Kf2 
 Bc6 30. Bc2 Rd8 31. Rd1
 Rxd1 32. Bxd1 Ne4+ 33. Ke3 Nc5 34.
Bc2 f6 
35. Bd6 Ne6 36. h4 g5 37. hxg5
 hxg5 38.
fxg5 fxg5 39. b3 Bd5 40. bxc4
 Bxc4 41.
a4 Kf7 1/2-1/2

[Event "GMT Blitz"]
[Site "Biel, Switzerland"]
[Date "2022.07.17"]
[Round "8.3"]
[White "Gukesh, D"]
[Black "Keymer, Vincent"]
[Result "1-0"]
[TimeControl "3min + 2 s per move"]
[WhiteElo "2598"]
[BlackElo "2548"]

1. d4 Nf6 2. Nf3 d5 3. Bf4
 e6 4. e3 Bd6 5. Nbd2 
O-O 6. Bd3 b6 7. Ne5 
 c5 8. c3 Qc7 9. h4 
 Ba6 10. Bxa6 Nxa6 11. h5
 h6 12. g4 cxd4 13. exd4
 Nc5 14.
Qe2 Nce4 15. Nxe4 Nxe4 
 16. f3 Ng5 17. Bxg5 hxg5
 18. h6 g6 19. O-O-O Kh7
 20. Kb1 
b5 21. f4 gxf4 22. g5 f6
 23. Nf3 
Qe7 24. gxf6 Qxf6 25. Rhg1 
 Rae8 26. Ka1 a6 27. Rg4
 e5 28.
dxe5 Bxe5 29. Rdg1 Bxc3 30. Qc2
 Bxb2+ 31. Qxb2 Qxb2+ 32. Kxb2 
 Rf6 33. Rh4 Re3 34. Ng5+ 
Kh8 35. Rc1 Re8 36. Rc7 
 f3 37. Rh7+ Kg8 38. Rg7+ 1-0

[Event "GMT Blitz"]
[Site "Biel, Switzerland"]
[Date "2022.07.17"]
[Round "8.4"]
[White "Esipenko, Andrey"]
[Black "Abdusattorov, Nodirbek"]
[Result "1-0"]
[TimeControl "3min + 2 s per move"]
[WhiteElo "2617"]
[BlackElo "2663"]

1. e4 e5 2. Nf3 Nf6 3.
Nxe5 d6 4. Nf3 Nxe4 5. d4
 d5 6. Bd3 Nc6 7. O-O 
 Be7 8. Nbd2 Nd6 9. Re1
 Nb4 10.
Nf1 Nxd3 11. Qxd3 O-O 
 12. Ng3 c6 13. Bf4 f6
 14. b3 Rf7 15. c4 Bf8
 16. h4 
dxc4 17. bxc4 b5 18. c5 
 Nc4 19. h5 Qd5 20. Re8
 Bb7 21.
Rae1 Rxe8 22. Rxe8 Qd7 
23. Rb8 Re7 24. h6 Re8 25. hxg7
 Bxg7 26.
Qf5 Qf7 27. Rxe8+ Qxe8 28. Nh5
 Qg6 29.
Nxg7 Qxg7 30. d5 cxd5 31.
c6 Ba6 32. Qxd5+ Qf7 33. Qd8+ Kg7 34. Nd4 Nb6 
 35. Nf5+ Kg6 36. Ne7+ Kg7 
37. c7 Qe6 38. Be3 Nc8 
 39. Nd5 Bb7 40. Nxf6 Kf7
 41. Bd4 
Qe1+ 42. Kh2 Qe7 43. Qg8# 1-0

[ePGN "0.1;DGT LiveChess/2.2.5"]

[Event "GMT Blitz"]
[Site "Biel, Switzerland"]
[Date "2022.07.17"]
[Round "9.1"]
[White "Esipenko, Andrey"]
[Black "Naiditsch, Arkadij"]
[Result "1-0"]
[TimeControl "3min + 2 s per move"]
[WhiteElo "2617"]
[BlackElo "2577"]

1. e4 e5 2. Nf3 Nc6 3. Bb5
 a6 4. Ba4 Nf6 5. O-O 
 Be7 6. Re1 b5 7. Bb3
 O-O 8. c3 Rb8 9. d4
 exd4 10.
e5 Ne8 
11. Nxd4 Nxd4 12. cxd4 d6 
 13. Nc3 dxe5 14. dxe5 Qxd1 
 15. Rxd1 Be6 16. Bxe6 fxe6 
 17. Be3 Rf7 18. Ne4 b4 
 19. Rac1 Rb5 20. f4 g5 
 21. g3 gxf4 22. Bxf4 c5
 23. Rd7 
Ra5 24. a3 bxa3 25. bxa3 
 Ra4 26. Nd2 c4 27. Kf1
 Bxa3 28.
Rxf7 Bxc1 29. Re7 c3 
 30. Rxe8+ Kf7 31. Rd8 Ra1 
 32. Nb3 1-0

[Event "GMT Blitz"]
[Site "Biel, Switzerland"]
[Date "2022.07.17"]
[Round "9.2"]
[White "Abdusattorov, Nodirbek"]
[Black "Gukesh, D"]
[Result "1/2-1/2"]
[TimeControl "3min + 2 s per move"]
[WhiteElo "2663"]
[BlackElo "2598"]

1. c4 e6 2. Nc3 d5 
 3. d4 Be7 4. cxd5 exd5 
 5. Bf4 Nf6 6. e3 Bf5 
 7. Bd3 Bxd3 8. Qxd3 O-O
 9. Nf3 
c6 10. O-O Nbd7 11. h3 
 Re8 12. Rab1 a5 13. Bh2 
 Bf8 14. Nd2 Nb6 15. Rbe1
 Bd6 16.
Bxd6 Qxd6 17. Re2 Rad8 
 18. Nb3 Nc4 19. e4 Nh5 
 20. exd5 cxd5 21. Rfe1 Rxe2 
 22. Qxe2 Nf4 23. Qf3 Ne6 
 24. Re2 h6 25. g3 Qc6
 26. a4 
Qd6 27. Qd3 Qb4 28. Qc2 
 Nb6 29. Re5 Nxd4 30. Nxd4 Qxd4 31. Re7 Qc5 
 32. Qe2 d4 33. Re8+
 Rxe8 34.
Qxe8+ Qf8 35. Qb5 dxc3 36. Qxb6
 Qb4 37.
Qd8+ Kh7 38. Qd3+ g6 
 39. Qd5 Kg7 40. bxc3 Qxc3 
 41. Kg2 b6 42. Qd7 Qe5
 43. Kg1 Qa1+ 44. Kg2 h5 45. h4 Qc3 46. Qe8 Qd4
 47. Qb5 
Kf6 48. Qc6+ Ke7 49. Kg1 
 Qd6 50. Qc4 Qc5 51. Qe4+
 Kd6 52. Qf4+ Ke6 53. Qe4+ 
Kd7 54. Qd3+ Kc7 55. Qb3 
 Qc1+ 56. Kh2 Qc5 57. Qxf7+
 Kb8 58. Kg1 Qc1+ 59. Kh2
 Qc5 60. Qf6 Kb7 61. Qf7+
 Kb8 62. Qf4+ Kb7 63. Kg1 
Qc6 64. Qf7+ Ka6 65. Qb3 
 Qc1+ 66. Kg2 Qc6+ 67. Kh2
 b5 68. Qd3 Kb6 69. axb5 
 Qf6 70. Kg2 Qf5 71. Qe2
 Qd5+ 72.
Kh2 a4 
73. Qe3+ Kxb5 74. Qe2+ Kb4 
75. Qe1+ Kb3 76. Qe3+ Kc2 
 77. Qe2+ Kc3 78. Qe3+ Qd3
 79. Qc5+ Kb3 80. Qb6+ 
 Ka2 81. Qe6+ Ka3 82. Kg2
 Qf5 83.
Qc4 Qb1 
84. Kh2 Qf5 85. Kg2
 Qb1 86.
Qc5+ Ka2 87. Qc4+ Ka3 
 88. Kh2 1/2-1/2

[Event "GMT Blitz"]
[Site "Biel, Switzerland"]
[Date "2022.07.17"]
[Round "9.3"]
[White "Keymer, Vincent"]
[Black "Kamsky, Gata"]
[Result "1-0"]
[TimeControl "3min + 2 s per move"]
[WhiteElo "2548"]
[BlackElo "2645"]

1. d4 f5 2. c4 Nf6 3. Nf3
 g6 4.
Nc3 d6 5. e3 Bg7 6. b4
 O-O 7.
Bb2 c6 
8. a4 a5 9. b5 Kh8 
 10. Be2 Be6 11. O-O Bg8
 12. Rb1 
Nbd7 13. bxc6 bxc6 14. Qc2 
Rb8 15. Ba3 Qc7 16. h3 
 Rxb1 17. Rxb1 Rb8 18. Nd2 
 e5 19. Rxb8 Qxb8 20. Nb3
 Qc7 21.
d5 cxd5 
22. Nb5 Qb6 23. Bxd6 Ne8 
 24. c5 Qd8 25. c6 Nb6
 26. Ba3 
Nc4 27. Bc5 Qa8 28. c7 
 Qc6 29. Ba3 Nxc7 30. Nxa5
 Qd7 31.
Nxc4 dxc4 32. Bxc4 Qc6 
33. Bd3 Qxc2 34. Bxc2 Na6
 35. Bd3 
e4 36. Be2 Be5 37. Bd6 Bxd6
 38. Nxd6 Nb4 39. a5 Kg7 
 40. a6 Nc6 41. Nc8 1-0

[Event "GMT Blitz"]
[Site "Biel, Switzerland"]
[Date "2022.07.17"]
[Round "9.4"]
[White "Salem, A.R. Saleh"]
[Black "Le, Quang Liem"]
[Result "1/2-1/2"]
[TimeControl "3min + 2 s per move"]
[WhiteElo "2679"]
[BlackElo "2657"]

1. d4 Nf6 2. c4 e6 3. Nc3 
 Bb4 4. a3 Bxc3+ 5. bxc3 
O-O 6. f3 c5 7. e4 Nc6
 8. Be3 
b6 9. Bd3 Ba6 10. Ne2 
 Rc8 11. Bg5 d6 12. O-O
 h6 13.
Bh4 cxd4 14. cxd4 e5 15. f4 
 exf4 16. Nxf4 g5 17. Nd5
 Nxd5 18.
exd5 Ne7 19. Bxg5 hxg5 
 20. Qh5 Ng6 21. Rae1 Rc7
 22. Bxg6 fxg6 23. Qxg6+ 
Rg7 24. Qe6+ Kh8 25. Qh6+ 
 Kg8 26. Qe6+ Kh8 27. Qh6+ Kg8 
 1/2-1/2


[ePGN "0.1;DGT LiveChess/2.2.5"]

[Event "GMT Blitz"]
[Site "Biel, Switzerland"]
[Date "2022.07.17"]
[Round "10.1"]
[White "Naiditsch, Arkadij"]
[Black "Salem, A.R. Saleh"]
[Result "1-0"]
[TimeControl "3min + 2 s per move"]
[WhiteElo "2577"]
[BlackElo "2679"]

1. e4 c5 2. Nf3 d6 3. Nc3 
 Nf6 4. d4 cxd4 5. Qxd4 
 Nc6 6. Bb5 Bd7 7. Bxc6 
Bxc6 8. Bg5 h6 9. Bxf6 gxf6
 10. O-O-O e6 11. Qd3 
 a6 12. Nd4 Bd7 13. f4
 Qc7 14.
f5 O-O-O 15. Rhf1 Be7 
 16. fxe6 fxe6 17. Nf5 Bc6
 18. Nxe7+ Qxe7 19. a4 
 h5 20. b4 Kb8 21. b5
 axb5 22.
axb5 Be8 23. Kb2 d5 24. Qd4
 e5 25.
Nxd5 Bxb5 26. Nxe7 Rxd4 
 27. Rxd4 Bxf1 28. Rd2 h4
 29. Rf2 
Bb5 30. Rxf6 Rh7 31. Rf8+ 
Ka7 32. Nc8+ Ka6 33. Nd6 
 Bc6 34. Rg8 Rh6 35. Nc4
 Bxe4 36.
Nxe5 Re6 37. Nd7 Re7 
 38. Nc5+ Kb5 39. Rg5 Bc6 
 40. Nd3+ Kb6 41. Ne5 Be4
 42. c4 
Ka7 43. Kc3 b6 44. Kd4 Bb7
 45. Rh5 Bxg2 46. Rxh4 Rg7
 47. Rg4 
Rxg4+ 48. Nxg4 b5 49. c5 Kb7
 50. h4 b4 51. Ne5 b3
 52. Kc3 Ka6 53. h5 Kb5
 54. h6 
Be4 55. c6 Kb6 56. Kxb3 Kc7
 57. Kc3 Kd6 58. Kd4 Bh7 59.
Ke3 Bf5 
60. Kf4 Bh7 61. Kg5
 Kd5 1-0

[Event "GMT Blitz"]
[Site "Biel, Switzerland"]
[Date "2022.07.17"]
[Round "10.2"]
[White "Le, Quang Liem"]
[Black "Keymer, Vincent"]
[Result "0-1"]
[TimeControl "3min + 2 s per move"]
[WhiteElo "2657"]
[BlackElo "2548"]

1. d4 Nf6 2. c4 e6 3. Nc3 Bb4 
4. Nf3 d6 5. Bd2 O-O 
 6. a3 Bxc3 7. Bxc3 Ne4 
 8. Qc2 Nxc3 9. Qxc3 b6
 10. g3 
Bb7 11. Bg2 Nd7 12. O-O Nf6
 13. Rfe1 Qe7 14. Rad1 
 h6 15. Nh4 Bxg2 16. Nxg2
 c5 17.
e4 cxd4 
18. Qxd4 Rfd8 19. Rd2 Rac8 
 20. a4 Qb7 21. b3 a6
 22. Qd3 
Rd7 23. f3 b5 24. cxb5 
 axb5 25. Qxb5 Qxb5 26. axb5 Rb8 
 27. Red1 Ne8 28. Nf4 Rxb5
 29. Nd3 Rc7 30. b4 Nf6
 31. Kf2 
g5 32. h3 d5 33. e5 
 Nd7 34. Ra1 Rc3 35. Ke2 
 Nb8 36. Rb2 Nc6 37. Kd2
 Rc4 38. Rc1 Kg7 39. f4
 Kg6 40.
Rf1 Kg7 
41. Rc1 Kg6 42. Rf1 Nd4 43.
Rc1 Nf5 
44. g4 Nd4 45. fxg5 hxg5 
46. Rxc4 dxc4 47. Nc5
 Nf3+ 48. Kc3 Nxe5 49. Re2 
 Nc6 50. Nxe6 Rxb4 51. Nd8
 Rb3+ 52.
Kxc4 Na5+ 53. Kc5 Rxh3
 54. Rb2 
Rd3 55. Rb8 Rxd8 56. Rb5 
 Ra8 0-1

[Event "GMT Blitz"]
[Site "Biel, Switzerland"]
[Date "2022.07.17"]
[Round "10.3"]
[White "Kamsky, Gata"]
[Black "Abdusattorov, Nodirbek"]
[Result "1-0"]
[TimeControl "3min + 2 s per move"]
[WhiteElo "2645"]
[BlackElo "2663"]

1. d4 Nf6 2. Bf4 g6 
 3. Nf3 Bg7 4. c3 d6
 5. h3 O-O 6. Nbd2 Nfd7
 7. e4 
e5 8. dxe5 Nxe5 9. Nxe5 
 dxe5 10. Be3 Nd7 11. Bc4 
 Nf6 12. O-O Qe7 13. a4
 a5 14.
Qc2 Nh5 
15. Nf3 h6 16. Rad1 Kh7 
 17. Rfe1 Bd7 18. Qb3 b6
 19. Bb5 
Be6 20. Bc4 Bd7 21. Bb5 
 Rad8 22. Bxd7 Rxd7 23. Rxd7
 Qxd7 24.
Rd1 Qc6 25. Rd5 Qe6 26. Qd1
 Re8 27.
Rd7 Re7 
28. Rxe7 Qxe7 29. Qd5
 Qe8 30.
b3 Nf6 
31. Qc4 Qe7 32. b4 Qd6 
 33. bxa5 bxa5 34. Nd2 Qd7
 35. Kh2 
Ne8 36. Qd5 Qxa4 37. Qxf7 
 Qc6 38. Nc4 Nd6 39. Nxa5
 Qxc3 40.
Qd5 Qc2 
41. Nc6 Qxe4 42. Qxe4 Nxe4 
 43. f4 Kg8 44. fxe5 Kf7 
 45. g4 Ke6 46. Kg2 g5 
 47. Kf3 Nc3 48. Bd4 Nb5
 49. Ke4 Bf8 50. Be3 Nc3+
 51. Kd4 Ne2+ 52. Ke4 Nc3+ 
53. Kd4 Nb5+ 54. Ke4
 Kd7 55. Nb8+ Ke6 56. Nc6 
 Ba3 57. Bd2 Bb2 58. Bb4
 Bc3 59.
Bf8 Kd7 
60. Kd5 Bd2 61. e6+ Ke8 62. Bxh6 Nc3+ 63. Ke5
 Bf4+ 64. Kf5 Ne2 65. Bxg5
 Bd6 66.
Be3 Ng3+ 67. Kg6 Nf1 
 68. Bc1 Nh2 69. g5 Nf3
 70. Kf5 
Nh4+ 71. Kg4 Ng6 72. h4 Ne7 
 73. Nxe7 Kxe7 74. Kf5 c5 
 75. g6 Kf8 76. h5 c4
 77. Bb2 Bb4 78. h6 c3
 79. h7 
Kg7 80. Bxc3+ 1-0

[Event "GMT Blitz"]
[Site "Biel, Switzerland"]
[Date "2022.07.17"]
[Round "10.4"]
[White "Gukesh, D"]
[Black "Esipenko, Andrey"]
[Result "1-0"]
[TimeControl "3min + 2 s per move"]
[WhiteElo "2598"]
[BlackElo "2617"]

1. Nf3 d5 2. e3 Nf6 3.
c4 e6 4. Nc3 Bd6 5. b3 
 O-O 6. Bb2 Re8 7. Qc2
 c5 8.
g4 Nc6 
9. g5 Ng4 10. Rg1 Nge5 
 11. Nxe5 Nxe5 12. Be2 Bf8
 13. f4 
Nc6 14. O-O-O d4 15. Ne4 
 e5 16. a3 exf4 17. exf4 
 a5 18. Rg3 Kh8 19. Rdg1
 Bf5 20.
Bd3 Re6 
21. Nxc5 Bxd3 22. Nxe6
 Bxc2 23.
Nxd8 Bg6 24. Nxc6 bxc6 
25. d3 c5 26. a4 Bd6 
 27. Rf1 Re8 28. Kd2 Bh5
 29. Rg2 Re3 30. Bc1 Bc7
 31. Kc2 
Re8 32. f5 f6 33. gxf6 gxf6
 34. Bh6 1-0

[ePGN "0.1;DGT LiveChess/2.2.5"]

[Event "GMT Blitz"]
[Site "Biel, Switzerland"]
[Date "2022.07.17"]
[Round "11.1"]
[White "Gukesh, D"]
[Black "Naiditsch, Arkadij"]
[Result "1-0"]
[TimeControl "3min + 2 s per move"]
[WhiteElo "2598"]
[BlackElo "2577"]

1. Nf3 Nf6 2. c4 g6 
 3. Nc3 Bg7 4. e4 d6 5. d4
 O-O 6.
Be2 e5 
7. O-O Na6 8. Be3 c6 
 9. Qc2 Ng4 10. Bg5 Bf6
 11. Bxf6 Qxf6 12. Qd2 
 Qe7 13. h3 Nf6 14. c5
 Rd8 15.
Bxa6 bxa6 16. cxd6 Qxd6 
 17. Rad1 Be6 18. Qg5 Nd7
 19. dxe5 Qf8 20. Nd4 
 Nc5 21. b4 Bc4 22. Nxc6
 Ne6 23.
Qf6 Re8 
24. Nd5 h5 25. Rfe1 Qg7 
 26. Rc1 Bxa2 27. Qxg7+ Kxg7
 28. Re2 
Bxd5 29. exd5 Nf4 30. Rd2 Rac8 31. d6 Ne6 32. d7
 1-0

[Event "GMT Blitz"]
[Site "Biel, Switzerland"]
[Date "2022.07.17"]
[Round "11.2"]
[White "Esipenko, Andrey"]
[Black "Kamsky, Gata"]
[Result "1/2-1/2"]
[TimeControl "3min + 2 s per move"]
[WhiteElo "2617"]
[BlackElo "2645"]

1. e4 c5 2. Nf3 e6 3. d4
 cxd4 4.
Nxd4 a6 
5. Bd3 Bc5 6. Nb3 Ba7 
 7. Bf4 Ne7 8. Qd2 Nbc6
 9. Nc3 
d5 10. exd5 Nxd5 11. Bg3 
 Ndb4 12. Be4 Qxd2+ 13. Kxd2
 O-O 14.
Bc7 f5 
15. Bxc6 Nxc6 16. f3 Rf7 
 17. Bg3 e5 18. Raf1 Be6
 19. Kc1 
Re8 20. Re1 f4 21. Bh4 h6
 22. Ne4 
Be3+ 23. Rxe3 fxe3 24. Nd6 
Ref8 25. Nxf7 Rxf7 26. Re1 
 e4 27. fxe4 Bxb3 28. axb3
 Rf4 29. Bg3 Rxe4 30. c3 
 Ne7 31. Kc2 Nf5 32. Bc7 
 Nh4 33. Re2 Nxg2 34. Rxg2
 e2 35. Bg3 e1=Q 36. Bxe1 
 Rxe1 37. Kd3 Kf7 38. Kd4
 g5 39.
b4 Kg6 
40. Kc5 Re6 41. c4 Rc6+ 42. Kd5
 h5 43.
Re2 Rc7 
44. b3 g4 45. Kd6 Rf7 
 46. Kc5 h4 47. b5 Rf5+
 48. Kb6 
axb5 49. Kxb7 bxc4 50. bxc4 Kg5 
 51. Kb6 1/2-1/2

[Event "GMT Blitz"]
[Site "Biel, Switzerland"]
[Date "2022.07.17"]
[Round "11.3"]
[White "Abdusattorov, Nodirbek"]
[Black "Le, Quang Liem"]
[Result "1-0"]
[TimeControl "3min + 2 s per move"]
[WhiteElo "2663"]
[BlackElo "2657"]

1. e4 e5 2. Nf3 Nc6 3. Bc4 Nf6
 4. d3 
Bc5 5. Nc3 h6 6. O-O a6
 7. a4 d6 8. Be3 O-O
 9. Bxc5 dxc5 10. h3
 Re8 11.
Re1 b6 
12. Nd5 Be6 13. Ne3 Qd7 
 14. Nd2 Nd4 15. Rf1 b5
 16. Bxe6 Nxe6 17. b3 
 Nd4 18. Nf3 g6 19. Kh2
 Qd6 20.
g3 Nd7 
21. Nh4 Nf8 22. f4 exf4 
 23. gxf4 Nfe6 24. Qg4 h5 
 25. Qg3 Ne2 26. Qf3 Qxf4+
 27. Qxf4 N2xf4 28. Nf3 
 Ne2 29. Ne5 Rf8 30. axb5
 axb5 31.
Rxa8 Rxa8 32. Rxf7 N2d4
 33. Nd5 
Nf8 34. Nf6+ Kh8 35. Nxg6+ 
1-0

[Event "GMT Blitz"]
[Site "Biel, Switzerland"]
[Date "2022.07.17"]
[Round "11.4"]
[White "Keymer, Vincent"]
[Black "Salem, A.R. Saleh"]
[Result "0-1"]
[TimeControl "3min + 2 s per move"]
[WhiteElo "2548"]
[BlackElo "2679"]

1. Nf3 d5 2. e3 c5 3. b3 a6
 4. Bb2 
Nc6 5. d4 Nf6 6. dxc5 e6
 7. a3 Bxc5 8. Nbd2 O-O
 9. Bd3 
Qe7 10. c4 Rd8 11. Qc2 d4
 12. exd4 Nxd4 13. Nxd4 
 Bxd4 14. Bxd4 Rxd4 15. Nf3
 Rd8 16.
O-O b6 
17. Ne5 Bb7 18. Rfe1 a5 
 19. Re3 Rd4 20. h3 Rad8
 21. Qb2 
Nh5 22. Bf1 Nf4 23. Rae1 
 Rd1 24. g3 Ng6 25. Nxg6
 hxg6 26. Rxd1 Rxd1 27. Qc2
 Ra1 28.
Qd2 Rxa3 29. Rd3 Bc6 30.
Qb2 Kh7 
31. Bg2 Bxg2 32. Kxg2 a4 33.
Re3 Qc5 
34. h4 Qb4 35. h5 Rxb3 
 36. hxg6+ fxg6 37. Qe2
 Rxe3 38.
Qxe3 Qxc4 39. Qxb6 a3 40. Qa5
 Qd5+ 0-1


[ePGN "0.1;DGT LiveChess/2.2.5"]

[Event "GMT Blitz"]
[Site "Biel, Switzerland"]
[Date "2022.07.17"]
[Round "12.1"]
[White "Naiditsch, Arkadij"]
[Black "Keymer, Vincent"]
[Result "0-1"]
[TimeControl "3min + 2 s per move"]
[WhiteElo "2577"]
[BlackElo "2548"]

1. e4 c5 2. Nf3 d6 3. d4 
 cxd4 4. Nxd4 Nf6 5. Nc3 
 a6 6. h3 e5 7. Nf3 
 Be7 8. Bc4 Be6 9. Bb3
 Nbd7 10.
O-O Nc5 
11. Bxe6 fxe6 12. Qe2 O-O 
 13. b4 Ncd7 14. Qc4 d5
 15. exd5 Nb6 16. Qb3 
Nfxd5 17. Nxd5 Qxd5 18. Be3 
 Nc4 19. Rad1 Qc6 20. Bc5 
 Bxc5 21. bxc5 Qxc5 22. Qxb7
 Ra7 23.
Qe4 h6 
24. Nh4 Nd6 25. Qd3 Nf5 
 26. Ng6 Rf6 27. Qb3 Rxg6
 28. Rd8+ Kh7 29. Qb8 
 Rf6 30. Rh8+ Kg6 31. Qe8+
 Raf7 32. Qg8 Rf8 33. Qh7+
 Kf7 34. Rxf8+ Qxf8 35. Rb1
 Qc8 36.
g4 Nh4 
37. Rb3 Qc6 38. Qh8 Qg2# 
0-1

[Event "GMT Blitz"]
[Site "Biel, Switzerland"]
[Date "2022.07.17"]
[Round "12.2"]
[White "Salem, A.R. Saleh"]
[Black "Abdusattorov, Nodirbek"]
[Result "0-1"]
[TimeControl "3min + 2 s per move"]
[WhiteElo "2679"]
[BlackElo "2663"]

1. d4 Nf6 2. c4 g6 3. Nc3 
 d5 4. cxd5 Nxd5 5. e4 Nxc3 6. bxc3 Bg7 
 7. Bc4 c5 8. Ne2 Nc6 9.
Be3 cxd4 10. cxd4 b5 11.
Bd5 Bd7 
12. h4 O-O 13. h5 e6 
 14. Bb3 a5 15. Qd2 a4
 16. Bc2 
Qa5 17. e5 Rfc8 18. Be4 
 Rab8 19. Rc1 Bf8 20. hxg6
 hxg6 21.
Bg5 Qxd2+ 22. Kxd2 Na5 
 23. Bd3 Rxc1 24. Rxc1 b4
 25. Rc7 
Bc6 26. Nf4 b3 27. axb3 
axb3 28. d5 Bxd5 29. Nxd5 exd5 
30. e6 fxe6 31. Bxg6
 Nc4+ 32. Ke2 Bg7 33. Bf7+ 
 Kh8 34. Bg6 b2 35. g4
 b1=Q 36.
Bxb1 Rxb1 37. Re7 e5 
 38. Bh4 e4 39. g5 Rb2+ 40.
Kd1 Kh7 
41. Re6 Ne5 42. Bg3 Ng6 
 43. Rd6 d4 44. Re6 d3 45.
Rc6 Bd4 
46. Rc7+ Kg8 47. Rc4
 Bg7 48.
Rc8+ Kh7 49. Rc7 Rb5 50.
Rc4 Rb1+ 51. Kd2 Rb2+ 52. Kd1 Ne7 53. Rc7 
 Nd5 54. Rxg7+ Kxg7 55. Be5+ 
Kg6 56. Bxb2 Kxg5 57. Kd2
 Kf4 58. Bd4 Kf3 59. Ke1
 Nf4 60. Kd2 Nh3 61. Ke1 
 Nxf2 62. Bxf2 d2+ 0-1

[Event "GMT Blitz"]
[Site "Biel, Switzerland"]
[Date "2022.07.17"]
[Round "12.3"]
[White "Le, Quang Liem"]
[Black "Esipenko, Andrey"]
[Result "1-0"]
[TimeControl "3min + 2 s per move"]
[WhiteElo "2657"]
[BlackElo "2617"]

1. d4 Nf6 2. c4 e6 3. Nc3
 Bb4 4. Nf3 b6 5. e3
 Bb7 6.
Bd3 c5 
7. O-O O-O 8. Na4 cxd4 
 9. a3 Be7 10. exd4 d6
 11. Re1 
Re8 12. Be3 Bf8 13. h3 
 h6 14. Rc1 Nbd7 15. Bf1
 Rc8 16.
b4 e5 17. Nc3 exd4 18. Nxd4
 Ne5 19.
Qb3 d5 
20. cxd5 Nxd5 21. Nxd5 Rxc1 
 22. Rxc1 Bxd5 23. Qc2 Qf6
 24. Qf5 
Qxf5 25. Nxf5 a5 26. bxa5 
 bxa5 27. a4 Be4 28. Bb5
 Rd8 29.
Ng3 Bd3 30. Rd1 Rd5 31. Bf4
 Ng6 32.
Bc7 Bc4 
33. Rxd5 Bxd5 34. Bxa5
 Bc5 35.
Bd2 Ne5 
36. a5 Nc4 37. Bc3 Nd6 
 38. Bd3 g6 39. Kf1 Kf8
 40. Ne2 
h5 41. a6 Ke7 42. Bd4 
Bxd4 43. Nxd4 Kd7 44. Nb5 
 Nc8 45. f4 Kc6 46. Kf2
 Kb6 47.
g3 Be6 
48. h4 Bd7 49. Nc3 Nd6 50. Ke3 
Bf5 51. Be2 Be6 52. Bd3 
 Bf5 53. Nd5+ Ka7 54. Be2 Be6 
 55. Ne7 Bd7 56. Kd4 Bh3 
 57. Ke5 Ne8 58. Nc8+ Kb8
 59. a7+ 
1-0

[Event "GMT Blitz"]
[Site "Biel, Switzerland"]
[Date "2022.07.17"]
[Round "12.4"]
[White "Kamsky, Gata"]
[Black "Gukesh, D"]
[Result "1-0"]
[TimeControl "3min + 2 s per move"]
[WhiteElo "2645"]
[BlackElo "2598"]

1. d4 Nf6 2. Bf4 d5 3. e3
 Bg4 4.
Nf3 e6 
5. Nbd2 Bd6 6. Bxd6 Qxd6 
 7. c4 O-O 8. Be2 c5
 9. dxc5 
Qxc5 10. Rc1 dxc4 11. Nxc4 
 Nc6 12. O-O Rfd8 13. Qb3
 Qe7 14.
h3 Bh5 
15. Rfd1 Nd5 16. g4 Bg6 
 17. Nce5 Nxe5 18. Nxe5 Rac8
 19. Nxg6 hxg6 20. Bf3 
 Nb6 21. Kg2 g5 22. Qb5
 Rxc1 23.
Rxc1 Rd2 24. Qa5 Rxb2 
 25. Qxa7 Qf6 26. Qxb7 Nd5
 27. Qc8+ Kh7 28. Rc2 
 Ne7 29. Qc4 Rb8 30. Be4+
 Ng6 31.
a4 Kh6 
32. Bxg6 Qxg6 33. a5 Qf6 
 34. a6 Qa1 35. Ra2 Qd1
 36. Qd4 
Qc1 37. Ra1 Qc6+ 38. Kg1 
 Ra8 39. a7 f6 40. e4 
 Qb7 41. e5 fxe5 42. Qxe5
 Rxa7 43.
Qxe6+ Kh7 44. Qf5+ Kh6 
 45. Rb1 Qc6 46. Re1 Ra6
 47. h4 
Qf6 48. hxg5+ Qxg5 49. Re6+ 
 Rxe6 50. Qxe6+ Kh7 51. Kg2 
 Qc1 52. Qf5+ Kh8 53. g5 
Qc6+ 54. f3 Qd6 55. g6 
 Qd2+ 56. Kh3 Qd8 57. Qh5+ Kg8
 58. Qh7+ Kf8 59. Qh8+ Ke7 60. Qxg7+ Ke6 61. Qf7+
 Ke5 62. g7 Qc8+ 63. Kh4 
Qd8+ 64. Kh5 Kd5 1-0

[ePGN "0.1;DGT LiveChess/2.2.5"]

[Event "GMT Blitz"]
[Site "Biel, Switzerland"]
[Date "2022.07.17"]
[Round "13.1"]
[White "Kamsky, Gata"]
[Black "Naiditsch, Arkadij"]
[Result "1-0"]
[TimeControl "3min + 2 s per move"]
[WhiteElo "2645"]
[BlackElo "2577"]

1. d4 Nf6 2. Bf4 g6 3.
Nf3 Bg7 
4. c3 O-O 5. Nbd2 d5 
 6. e3 c5 7. h3 Nc6
 8. Be2 
Ne4 9. O-O Qb6 10. Qb3 
 Nxd2 11. Nxd2 e5 12. dxe5
 Nxe5 13.
Bxe5 Bxe5 14. Nf3 Bf6 
 15. Qxb6 axb6 16. Rfd1 Be6
 17. a3 
Rfd8 18. Rd2 Kf8 19. Rad1 
 Ke7 20. Ne1 d4 21. exd4
 cxd4 22.
c4 Rac8 
23. Bf3 Bxc4 24. Bxb7 Rc7 
 25. Be4 Bb3 26. Bc2 Be6
 27. Nf3 
Rdc8 28. Be4 Bb3 29. Rf1 
 Rc1 30. Nxd4 Rxf1+ 31. Kxf1
 Rc1+ 32.
Ke2 Bc4+ 33. Ke3 Kf8 
 34. Nf3 Ra1 35. Rc2 Be6
 36. Bc6 
Ra2 37. Nd4 Bc8 38. Bd5 
 Bxd4+ 39. Kxd4 Bf5 40. Bxa2 1-0

[Event "GMT Blitz"]
[Site "Biel, Switzerland"]
[Date "2022.07.17"]
[Round "13.2"]
[White "Gukesh, D"]
[Black "Le, Quang Liem"]
[Result "1/2-1/2"]
[TimeControl "3min + 2 s per move"]
[WhiteElo "2598"]
[BlackElo "2657"]

1. Nf3 d5 2. e3 Nf6 
 3. c4 e6 4. Nc3 Be7 5.
b3 O-O 
6. Bb2 c5 7. cxd5 exd5 
 8. d4 Nc6 9. Be2 Ne4
 10. dxc5 Qa5 11. Rc1 
 Bf6 12. Nd4 Nxc5 13. Nxc6 
 bxc6 14. O-O Ne4 15. Qe1
 Nxc3 16.
Bxc3 Bxc3 17. Qxc3 Qxa2 
 18. Rc2 Qa3 19. Ra1 Qe7
 20. Qxc6 Be6 21. Qc5 
 Qxc5 22. Rxc5 Rfd8 23. b4
 d4 24. exd4 Rxd4 25. b5
 Rb4 26.
h3 Bd7 
27. Bf3 Rb8 28. Bc6 Be6 
 29. Rxa7 g6 30. Rb7 Rxb7
 31. Bxb7 Kf8 32. Bc8 
Ba2 33. Ba6 Ke7 34. Rc7+ 
 Kd6 35. Rc6+ Ke7 36. Rc2 
 Bc4 37. Kh2 1/2-1/2